 Dungeon Crawl Stone Soup version 0.14-a0-2061-g6c6fb9c (webtiles) character file.

1769 M4edhros the Slinger (level 8, 0/48 HPs)
             Began as an Octopode Hunter on Jan 22, 2014.
             Splashed by a jelly's acid (15 damage)
             ... on Level 6 of the Dungeon.
             The game lasted 00:10:25 (5110 turns).

M4edhros the Slinger (Octopode Hunter)              Turns: 5110, Time: 00:10:25

HP   0/48        AC  2     Str 11      XL: 8   Next: 83%
MP   8/8         EV 12     Int 14      God:
Gold 255         SH  0     Dex 16      Spells:  0 memorised,  7 levels left

rFire  . . .     SeeInvis .     v - +6,+9 cutlass "Osemeungy" {holy, Noisy rPois rC+ Dex+2}
rCold  + . .     Clarity  .     (no shield)
rNeg   . . .     Conserve .     y - +1 hat
rPois  +         rCorr    .     (no amulet)
rElec  .         rRot     .     s - ring of sustain abilities
SustAb + .       Spirit   .     (no ring)
rMut   .         Warding  .     (no ring)
Saprov . . .     Stasis   .     (no ring)
MR     .....                    (no ring)
                                (no ring)
                                (no ring)
                                (no ring)

@: not resistant to hostile enchantments, stealthy
A: almost no armour, amphibious, 8 rings, constrict 8, camouflage 1, gelatinous
body 1
a: no special abilities


You were on level 6 of the Dungeon.
You were near starving.

You visited 1 branch of the dungeon, and saw 6 of its levels.

You collected 255 gold pieces.

Inventory:

Hand weapons
 b - a +1,+1 sling
 o - a +2,+1 short sword of venom
 v - the +6,+9 cutlass "Osemeungy" (weapon) {holy, Noisy rPois rC+ Dex+2}
   (You found it on level 5 of the Dungeon)

   It has been blessed by the Shining One to cause great damage to the undead
   and demons.
   It affects your dexterity (+2).
   It protects you from cold.
   It protects you from poison.
   It may make noises in combat.
 z - a +3,+2 quarterstaff of chaos
 F - a +1,+4 orcish whip
Missiles
 c - 73 sling bullets
 q - 13 stones (quivered)
Armour
 y - a +1 hat (worn)
Magical devices
 a - a wand of digging (3)
 l - a wand of polymorph (15)
 x - a wand of random effects (9)
 E - a wand of frost (18)
Comestibles
 d - 4 meat rations
 f - 4 bread rations
 g - 2 pears
 i - a honeycomb
 D - a lychee
Scrolls
 h - a scroll of enchant armour
 k - 2 scrolls of teleportation
 m - a scroll of identify
 n - a scroll of enchant weapon II {unknown}
 p - 3 scrolls of blinking
 r - 4 scrolls of immolation
 t - a scroll of magic mapping {unknown}
 w - 3 scrolls of remove curse
 A - 2 scrolls of fear
 B - a scroll of acquirement {unknown}
 C - 2 scrolls of amnesia
Jewellery
 s - a ring of sustain abilities (left tentacle)
Potions
 e - 3 potions of heal wounds
 j - a potion of brilliance
 u - 3 potions of curing
 G - a potion of confusion {unknown}


   Skills:
 - Level 1.0 Fighting
 + Level 11.3 Slings
 - Level 2.0 Dodging
 - Level 1.3 Stealth


You had 7 spell levels left.
You didn't know any spells.

Dungeon Overview and Level Annotations

Branches:
Dungeon (6/16)
 Temple: D:4-7

Altars:
Dithmengos
Okawaru
Sif Muna

Shops:
D:4 (*


Innate Abilities, Weirdness & Mutations

You cannot wear most types of armour.
You are amphibious.
You can wear up to eight rings at the same time.
You can use your tentacles to constrict many enemies at once.
Your skin changes colour to match your surroundings (Stlth).
Your rubbery body absorbs attacks (AC +1).


Message History

Press: ? - help, Shift-Dir - straight line, f/p - jelly
Aim: a jelly (lightly wounded)
The puff of frost hits the jelly.
The jelly is moderately wounded.
The jelly barely misses you.
Evoke which item? (* to show all) (? for menu, Esc to quit)
Zapping:
E - a wand of frost {zapped: 4}
Press: ? - help, Shift-Dir - straight line, f/p - jelly
Aim: a jelly (moderately wounded)
The puff of frost hits the jelly.
The jelly is moderately wounded.
The jelly hits you.
You are splashed with acid!
The acid burns!
Evoke which item? (* to show all) (? for menu, Esc to quit)
Zapping:
E - a wand of frost {zapped: 5}
Press: ? - help, Shift-Dir - straight line, f/p - jelly
Aim: a jelly (moderately wounded)
The puff of frost hits the jelly.
The jelly is heavily wounded.
The jelly hits you.
You are splashed with acid!
The acid burns!
You die...

###...### ##.##
#.......# #.# #.......#
#.# #.......# ##'##
###....## ##!..##
#....## ##.....##
####..## ##[......##
######...####....%....#
............+...@.....+
#####....####...J.....#
#.#.## ##?......##
#.### ##.o...## #.#
##...## #.# ##o## #.#
o# #.# .. #.# .


You could see a jelly, an orc wizard and 2 orcs.

Vanquished Creatures
  2 phantoms
  An orc warrior (D:5)
  Duvessa (D:6)
  3 ogres
  A giant frog (D:6)
  Dowan (D:6)
  4 crimson imps (D:5)
  Crazy Yiuf (D:3)
  A hound (D:5)
  3 orc wizards
  An orc priest (D:3)
  3 scorpions
  2 iguanas
  6 worker ants
  Ijyb (D:3)
  Jessica (D:3)
  8 adders
  2 gnolls
  2 inept feature mimics
  A worm (D:4)
  2 giant eyeballs
  3 giant geckos
  An ooze (D:3)
  19 orcs
  2 ball pythons
  12 bats
  A bat skeleton (D:5)
  14 hobgoblins
  3 jackals (D:6)
  7 giant cockroaches
  3 giant newts
  11 goblins
  14 kobolds
  A quokka (D:5)
  A quokka zombie (D:5)
  13 rats
  2 rat skeletons (D:5)
154 creatures vanquished.

Notes
Turn   | Place    | Note
--------------------------------------------------------------
     0 | D:1      | M4edhros, the Octopode Hunter, began the quest for the Orb.
     0 | D:1      | Reached XP level 1. HP: 13/13 MP: 1/1
   165 | D:1      | Reached XP level 2. HP: 18/18 MP: 2/2
   219 | D:1      | Reached XP level 3. HP: 23/23 MP: 3/3
   272 | D:1      | Reached skill level 5 in Slings
   845 | D:2      | Found a shadowy altar of Dithmengos.
   878 | D:2      | Reached XP level 4. HP: 24/28 MP: 4/4
  1340 | D:3      | Reached skill level 6 in Slings
  1468 | D:3      | Noticed Crazy Yiuf
  1477 | D:3      | Killed Crazy Yiuf
  1477 | D:3      | Reached XP level 5. HP: 33/33 MP: 5/5
  1533 | D:3      | Noticed Jessica
  1536 | D:3      | Killed Jessica
  1542 | D:3      | Found a deep blue altar of Sif Muna.
  1797 | D:3      | Reached skill level 7 in Slings
  1797 | D:3      | Reached XP level 6. HP: 38/38 MP: 6/6
  1958 | D:3      | Noticed Ijyb
  1964 | D:3      | Killed Ijyb
  2593 | D:4      | Found a staircase to the Ecumenical Temple.
  2601 | D:4      | the staircase to the Ecumenical Temple was a mimic.
  2680 | D:4      | Reached skill level 8 in Slings
  2846 | D:4      | Reached XP level 7. HP: 39/43 MP: 7/7
  2873 | D:4      | Found an iron altar of Okawaru.
  3216 | D:4      | Found Blaameng's Antique Weapon Shop.
  3491 | D:4      | Paralysed by a giant eyeball for 2 turns
  3539 | D:4      | Found Frog's Assorted Antiques.
  3700 | D:4      | Reached skill level 9 in Slings
  3773 | D:5      | Entered Level 5 of the Dungeon
  3814 | D:5      | Reached XP level 8. HP: 43/48 MP: 8/8
  3990 | D:5      | Reached skill level 10 in Slings
  4113 | D:5      | Paralysed by a giant eyeball for 3 turns
  4120 | D:5      | Paralysed by a giant eyeball for 3 turns
  4132 | D:5      | Paralysed by a potion of paralysis for 7 turns
  4715 | D:5      | Got an ebony cutlass
  4716 | D:5      | Identified the +6,+9 cutlass "Osemeungy" {holy, Noisy rPois rC+ Dex+2} (You found it on level 5 of the Dungeon)
  4843 | D:6      | Noticed Duvessa
  4843 | D:6      | Noticed Dowan
  4848 | D:6      | Killed Duvessa
  4848 | D:6      | Reached skill level 11 in Slings
  4849 | D:6      | Killed Dowan
  5110 | D:6      | Splashed by a jelly's acid

Action                   |  1- 3 |  4- 6 |  7- 9 || total
-------------------------+-------+-------+-------++-------
Melee: Sling             |       |     2 |       ||     2
       Quarterstaff      |       |       |    26 ||    26
       Cutlass           |       |       |    24 ||    24
       Short sword       |       |       |     3 ||     3
 Fire: Sling             |    81 |   167 |   133 ||   381
Evoke: Wand              |       |       |    12 ||    12
  Use: Potion            |       |     1 |     6 ||     7
       Scroll            |       |       |    11 ||    11
 Stab: Sleeping          |       |       |     4 ||     4
       Distracted        |       |       |     1 ||     1
       Confused          |       |       |     1 ||     1
